 Dungeon Crawl Stone Soup version 0.30-a0-475-g03497ec522 (webtiles) character file.

Game seed: 17092482895651262105

1848 PyroL the Placeless Draconian (level 8, 0/105 HPs)
             Began as a Pale Draconian Warper on Dec 21, 2022.
             Was a Follower of Ashenzari.
             Slain by a sky beast (5 damage)
             ... on level 7 of the Dungeon.
             The game lasted 00:13:37 (5761 turns).

PyroL the Placeless Draconian (DrWr)                Turns: 5761, Time: 00:13:38

Health: 0/105      AC: 28    Str: 21    XL:     8   Next: 88%
Magic:  14/14      EV:  2    Int: 12    God:    Ashenzari [*.....]
Gold:   536        SH:  0    Dex: 11    Spells: 13/15 levels left

rFire   . . .      SeeInvis .    r - +4 long sword of Esmeicw {freeze, rPois Str+7 Int-3 Stlth+}
rCold   . . .      Faith    .    (no shield)
rNeg    . . .      Spirit   .    (body armour unavailable)
rPois   +          Reflect  .    (helmet currently unavailable)
rElec   .          Harm     .    (cloak currently unavailable)
rCorr   .          Rampage  .    (gloves currently unavailable)
Will    .....      NoTele   +    (boots currently unavailable)
Stlth   ++........               (no amulet)
HPRegen 0.37/turn                t - ring of Supernal Gnosis {AC+4, Evo, Cun} (curse)
MPRegen 0.14/turn                (no ring)

@: mighty, tree-form
A: stationary, stasis, torment immunity, boosted hp, (breathe steam), AC +6,
unfitting armour, (cold-blooded), (steam resistance)
a: Renounce Religion, Shatter the Chains


You were on level 7 of the Dungeon.
You worshipped Ashenzari.
Ashenzari was aware of your devotion.
You were a tree.
You visited 2 branches of the dungeon, and saw 8 of its levels.

You collected 536 gold pieces.

Inventory:

Hand Weapons
 r - the +4 long sword of Esmeicw (weapon) {freeze, rPois Str+7 Int-3 Stlth+}
   (You found it on level 3 of the Dungeon)

   It freezes those it strikes, dealing additional cold damage.
   It can also slow down cold-blooded creatures.
   Str:       It affects your strength (+7).
   Int:       It affects your intelligence (-3).
   rPois:     It protects you from poison.
   Stlth:     It makes you more stealthy.
Missiles
 c - 7 boomerangs of dispersal (quivered)
 i - 5 datura-tipped darts
 y - 6 boomerangs
Armour
 f - the cursed +0 pair of gloves of Cremastomancy (melded) {Fort, Melee}
   (You found it on level 1 of the Dungeon)

   It has a curse which improves the following skills: Fortitude: Shields.
   Melee Combat: Short Blades, Long Blades, Axes, Maces & Flails, Polearms,
   Staves and Unarmed Combat.
Jewellery
 t - the cursed ring of Supernal Gnosis (left branch) {AC+4, Evo, Cun}
   (You found it on level 6 of the Dungeon)

   [ring of protection]

   AC:        It affects your AC (+4).
   It has a curse which improves the following skills: Evocations: Evocations.
   Cunning:   Dodging and Stealth.
 C - a ring of see invisible
Wands
 A - a wand of mindburst (11)
Scrolls
 a - 2 scrolls of immolation
 b - 5 scrolls of blinking
 d - a scroll of fog
 j - 3 scrolls of enchant weapon
 l - 2 scrolls of poison
 m - 2 scrolls of enchant armour
 n - a scroll of brand weapon
 p - 5 scrolls of noise
 u - 2 scrolls of magic mapping
 w - 2 scrolls of identify
 z - a scroll of fear
Potions
 e - a potion of invisibility
 h - a potion of lignification
 k - a potion of degeneration
 o - 4 potions of haste
 q - 3 potions of magic
 s - 4 potions of curing
 v - a potion of resistance
 x - 2 potions of attraction
 B - a potion of cancellation


   Skills:
 - Level 6.0 Fighting
 - Level 2.0 Maces & Flails
 - Level 0.8 Throwing
 + Level 4.3(5.2) Dodging
 - Level 4.0 Spellcasting
 - Level 9.1 Translocations


You had 13 spell levels left.
You knew the following spells:

 Your Spells              Type           Power      Damage    Failure   Level
a - Blink                 Tloc           48%        N/A       1%          2

Your spell library contained the following spells:

 Spells                   Type           Power      Damage    Failure   Level
 Lesser Beckoning         Tloc           48%        N/A       1%          3
 Teleport Other           Tloc           24%        N/A       1%          3
 Manifold Assault         Tloc           24%        N/A       5%          4
 Vhi's Electric Charge    Tloc/Air       26%        N/A       11%         3


Dungeon Overview and Level Annotations

Branches:
Dungeon (7/15)             Temple (1/1) D:5

Altars:
Ashenzari
Cheibriados
Elyvilon
Fedhas
Gozag
Kikubaaqudgha
Makhleb
Nemelex Xobeh
Okawaru
Ru
Trog
Uskayaw
Vehumet
Wu Jian
Xom
Yredelemnul
Zin
The Shining One

Shops:
D:5 :   D:6 :

Annotations:
D:7 Joseph


Innate Abilities, Weirdness & Mutations

You are a tree.
Your roots penetrate the ground, keeping you stationary.
You cannot be teleported.
You are immune to unholy pain and torment.
Your maximum health is greatly increased.
Your equipment is partially melded.
((You can breathe blasts of scalding, opaque steam.))
((Your pale cyan-grey scales are hard. (AC +6)))
You cannot fit into any form of body armour.
((You are cold-blooded and may be slowed by cold attacks.))
((You are immune to the effects of steam.))


Message History

Unknown command.
You slash the slime creature! You freeze the slime creature.
You kill the slime creature!
The bullfrog hits you but does no damage.
Your Dodging skill gained 2 levels and is now at level 4!
Unknown command.
Okay, then.
You barely miss the bullfrog.
The bullfrog is heavily wounded.
The bullfrog hits you but does no damage. x2
Unknown command.
You slash the bullfrog! You freeze the bullfrog.
You kill the bullfrog!
The sky beast flickers out of sight!
Deactivating autopickup; reactivate with Ctrl-A.
Joseph shouts, "I love to fight!
I love killing!"
Joseph shoots a sling bullet.
The sling bullet hits you but does no damage.
Something hits you but does no damage.
Joseph shoots a sling bullet.
The sling bullet hits you but does no damage.
You cannot move.
Unknown command.
You feel very mighty all of a sudden. Something hits you but does no damage.
You cannot move.
Unknown command.
You cannot move.
You cannot move.
You cannot move.
You cannot move.
You cannot move.
Unknown command.
You cannot move.
You hit something. You freeze something. Something hits you but does no damage.
You barely miss something.
A sky beast appears from thin air!
Reactivating autopickup.
The sky beast hits you.
* * * LOW HITPOINT WARNING * * *
The sky beast shocks you.
You die...

##+### #....#
#....# #....#
+....# #....# ##
##+####♣.# .#
#.....Y### .#
#.....@... .#
+.....#
.##+###+##...)#
.............#@#
..........##.# .#
..........#.... ..
..........#.....##.


You could see Joseph and a sky beast.

Vanquished Creatures
  A slime creature (D:7)
  A steam dragon (D:6)
  2 sky beasts
  An orc warrior (D:7)
  An ogre (D:6)
  A centaur (D:7)
  A kobold brigand (D:7)
  3 bullfrogs
  3 scorpions
  4 howler monkeys
  5 hounds
  A jelly (D:7)
  An iguana (D:4)
  3 orc wizards
  8 adders
  2 white imps
  2 worms (D:2)
  2 dart slugs
  10 orcs
  9 endoplasms
  3 giant cockroaches
  14 hobgoblins
  11 jackals (D:1)
  4 quokkas
  7 ball pythons
  3 bats
  2 frilled lizards
  11 goblins
  11 kobolds
  4 rats
131 creatures vanquished.

Notes
Turn   | Place    | Note
-------+----------+-------------------------------------------
     0 | D:1      | PyroL the Draconian Warper began the quest for the Orb.
     0 | D:1      | Reached XP level 1. HP: 17/17 MP: 3/3
    64 | D:1      | Reached XP level 2. HP: 20/26 MP: 5/5
    74 | D:1      | Learned a level 2 spell: Blink
   255 | D:1      | Reached XP level 3. HP: 31/33 MP: 6/6
   521 | D:1      | Found a faded altar of an unknown god.
   833 | D:2      | Reached XP level 4. HP: 39/41 MP: 7/7
  1009 | D:2      | Reached skill level 5 in Fighting
  1715 | D:3      | Found a sacrificial altar of Ru.
  1921 | D:3      | Reached XP level 5. HP: 33/50 MP: 8/8
  2038 | D:3      | Identified the +4 long sword of Esmeicw {freeze, rPois
                  | Str+7 Int-3 Stlth+}
  2822 | D:4      | Found a faded altar of an unknown god.
  2822 | D:4      | Found a sparkling altar of Nemelex Xobeh.
  2849 | D:4      | Found an ancient bone altar of Kikubaaqudgha.
  2851 | D:4      | Found a glowing golden altar of the Shining One.
  2853 | D:4      | Found a faded altar of an unknown god.
  3192 | D:4      | Reached XP level 6. HP: 42/57 MP: 10/10
  3412 | D:4      | Reached skill level 4 in Translocations
  3434 | D:5      | Entered Level 5 of the Dungeon
  3738 | D:5      | Found a bloodstained altar of Trog.
  3761 | D:5      | Found Coigh's Tremendous Tomes.
  3791 | D:5      | Your scales start taking on a pale cyan-grey colour.
  3791 | D:5      | Reached XP level 7. HP: 63/63 MP: 12/12
  3791 | D:5      | Gained mutation: You are immune to the effects of steam.
                  | [Pale Draconian growth]
  3838 | D:5      | Found a staircase to the Ecumenical Temple.
  3915 | Temple   | Entered the Ecumenical Temple
  3978 | Temple   | Became a worshipper of Ashenzari the Shackled
  4350 | D:6      | Found Leolluiso's Book Shoppe.
  4577 | D:6      | Reached skill level 5 in Translocations
  4610 | D:6      | Noticed a steam dragon
  4762 | D:6      | Killed a steam dragon
  4763 | D:6      | Reached skill level 6 in Translocations
  4928 | D:6      | Reached skill level 7 in Translocations
  5042 | D:7      | Reached XP level 8. HP: 64/70 MP: 14/14
  5176 | D:7      | Reached skill level 8 in Translocations
  5383 | D:7      | Reached * piety under Ashenzari
  5522 | D:7      | Reached skill level 9 in Translocations
  5733 | D:7      | Noticed Joseph
  5734 | D:7      | Noticed a slime creature
  5750 | D:7      | HP: 2/105 [slime creature (9)]
  5756 | D:7      | Killed a slime creature
  5761 | D:7      | HP: 5/105 [sky beast (1)]
  5761 | D:7      | Slain by a sky beast

Illustrated notes

Levels and vault maps discovered:
D:1:      lemuel_arrival_river_bridge, layout_basic,
          ebering_ecumenical_altar_petrified
D:2:      layout_basic
D:3:      minmay_razor_zed, layout_basic, hangedman_ru_absence,
          minmay_misc_feat_doors, minmay_misc_feat_iff, minmay_tree_intersection
D:4:      layout_gridville, chequers_temple_overflow_minitemple
D:5:      layout_rooms, lemuel_round_altar, lemuel_temple_firewalk_a,
          nicolae_shop_i_like_big_books
D:6:      layout_loops_ring, serial_shops, shop_coins
D:7:      layout_gridville, minmay_manual_mess, uniq_joseph
Temple:   nicolae_temple_ecumenical_triangle

Skill      XL: |  1  2  3  4  5  6  7  8 |
---------------+-------------------------+-----
Fighting       | 3 4 5 6 |  6.0
Spellcasting   | 3 4 |  4.0
Translocations | 4 7 9 |  9.1
Dodging        | 4 |  4.3
Maces & Flails | |  2.0
Throwing       | |  0.8

Action                   |  1- 3 |  4- 6 |  7- 9 || total
-------------------------+-------+-------+-------++-------
Melee: Mace              |    70 |       |       ||    70
       Tailslap          |     9 |    24 |     9 ||    42
       Punch             |     1 |     1 |     1 ||     3
       Dagger            |    66 |   123 |       ||   189
       Long sword        |       |    86 |   106 ||   192
 Cast: Blink             |       |       |     2 ||     2
Invok: Curse Item        |       |       |     2 ||     2
 Abil: Breathe Steam     |       |       |     4 ||     4
  Use: Scroll            |       |     5 |       ||     5
       Potion            |       |       |     3 ||     3
 Stab: Sleeping          |       |     7 |     2 ||     9
Armor: Skin              |    35 |    80 |    79 ||   194
Dodge: Dodged            |   100 |   118 |    72 ||   290

Table legend: (Time is in decaauts)
 A = Elapsed time spent in this place.
 B = Non-inter-level travel time spent in this place.
 C = Inter-level travel time spent in this place.
 D = Time resting spent in this place.
 E = Time spent auto-exploring this place.
 F = Levels seen in this place.
 G = Mean time per level.
                   A        B        C        D        E       F      G
               +--------+--------+--------+--------+--------+-----+--------+
         Total |   5861 |   5707 |    154 |    150 |   4221 |   8 |  732.6 |
       Dungeon |   5784 |   5630 |    154 |    150 |   4202 |   7 |  826.3 |
        Temple |     76 |     76 |      0 |      0 |     19 |   1 |   76.0 |
               +--------+--------+--------+--------+--------+-----+--------+

Top non-repeatable levels by time:
     D:3: 1068 daAuts
     D:4: 926 daAuts
     D:6: 807 daAuts
     D:2: 794 daAuts
     D:7: 762 daAuts
     D:5: 733 daAuts
     D:1: 691 daAuts
  Temple: 76 daAuts
